Map: Rhoskallian LE

Players

Massa

  • Race: Terran Terran
  • League: Platinum

qqq

  • Race: Zerg Zerg

StaltosS - Winner!

  • Race: Terran Terran

Zergatul - Winner!

  • Race: Protoss Protoss
  • League: Diamond

VOD

Have the link to the VOD?

Description

Time

  • Played on: April 27, 2021, 3:43 p.m.
  • Length: 22:05
Show
View Real Time Build Order
Export as new Build Order

Massa Terran 

Build Orders:  

Get SALT Encoding   

  12  0:00  SCV  
  13  0:12  SCV  
  14  0:24  SCV, Supply Depot  
  15  0:37  Refinery  
  15  0:45  SCV  
  16  0:57  Barracks  
  16  0:59  SCV  
  18  1:11  SCV  
  18  1:23  SCV  
  19  1:39  Barracks  
  19  1:43  Supply Depot  
  19  1:49  Orbital Command  
  19  1:51  Reaper  
  20  2:03  Supply Depot  
  20  2:14  Factory  
  20  2:15  SCV  
  21  2:23  Reaper  
  21  2:27  SCV  
  23  2:36  Reaper  
  24  2:42  SCV  
  25  2:46  Refinery  
  25  2:54  Command Center  
  25  2:56  SCV  
  26  3:00  Barracks Tech Lab  
  26  3:04  Factory Reactor  
  26  3:09  Marine  
  26  3:12  Supply Depot  
  27  3:16  SCV  
  28  3:21  Engineering Bay  
  28  3:25  Marine  
  28  3:26  Marine  
  30  3:43  Marine  
  30  3:44  Marine  
  29  4:04  Stimpack  
  29  4:05  Widow Mine x2  
  29  4:06  Marine  
  29  4:07  Orbital Command  
  34  4:14  Refinery  
  34  4:18  SCV  
  34  4:24  Marine  
  35  4:25  Missile Turret  
  35  4:27  Widow Mine x2  
  40  4:33  SCV x2  
  42  4:38  Starport  
  42  4:45  Barracks Reactor  
  42  4:48  Widow Mine x2  
  42  4:49  Marine  
  42  4:51  SCV x2  
  49  5:09  Widow Mine  
  49  5:10  Widow Mine  
  53  5:15  Marauder  
  55  5:22  Marine x2  
  55  5:25  Medivac  
  59  5:30  SCV x2  
  61  5:39  Marine  
  62  5:43  Combat Shield  
  62  5:44  Supply Depot  
  62  5:45  Supply Depot  
  62  5:47  SCV x2, Marauder, Marine, Terran Infantry Weapons Level 1, Supply Depot  
  67  5:51  Engineering Bay  
  67  6:08  Widow Mine, Marine  
  67  6:09  Widow Mine, Medivac  
  74  6:30  Widow Mine x2  
  74  6:31  SCV x2  
  80  6:37  Missile Turret  
  80  6:43  SCV x2  
  82  6:51  Widow Mine x2  
  86  6:55  SCV x2, Marauder, Marine x2  
  92  7:02  Command Center  
  92  7:13  Marine  
  93  7:24  Marauder  
  83  7:56  Widow Mine x2  
  83  7:57  Medivac  
  87  7:59  Marauder, Marine x2  
  87  8:01  SCV x2  
  93  8:09  Refinery  
  93  8:13  SCV  
  93  8:14  SCV, Barracks  
  93  8:15  Barracks  
  93  8:17  Widow Mine x2, Marine x2  
  93  8:18  Barracks  
  93  8:19  Supply Depot  
  99  8:21  Marauder, Supply Depot  
  99  8:23  Armory  
  99  8:25  SCV  
  99  8:26  SCV  
  103  8:27  Medivac  
  105  8:35  Marine  
  106  8:42  Marauder  
  106  8:44  SCV  
  106  8:45  SCV  
  110  8:56  SCV  
  110  8:57  SCV  
  112  9:06  Missile Turret  
  112  9:07  Missile Turret  
  112  9:08  SCV, Marauder, Marine x2, Missile Turret  
  112  9:09  Concussive Shells  
  117  9:11  Barracks Reactor, Barracks Tech Lab x2  
  117  9:13  Factory Tech Lab  
  117  9:16  Ghost Academy  
  117  9:17  Terran Infantry Weapons Level 2  
  117  9:18  Terran Infantry Armor Level 1  
  117  9:25  Planetary Fortress  
  117  9:29  Marauder  
  115  9:47  SCV x2  
  115  9:50  Refinery  
  115  9:51  Refinery, Marauder  
  119  9:59  SCV x2  
  121  10:08  Command Center  
  121  10:11  SCV  
  115  10:26  Marauder x3, Marine  
  115  10:27  Marine x3  
  124  10:31  Enhanced Shockwaves  
  124  10:38  Terran Vehicle And Ship Armor Level 1  
  124  10:39  Supply Depot  
  124  10:40  Supply Depot  
  124  10:41  Supply Depot  
  124  10:58  Marauder x3, Siege Tank  
  124  11:01  Marine x4  
  124  11:03  Supply Depot  
  137  11:05  Medivac x2  
  139  11:19  Marine  
  139  11:20  Marauder x3  
  146  11:30  Siege Tank  
  149  11:40  Ghost x3  
  151  11:50  Personal Cloaking  
  144  12:02  Siege Tank  
  132  12:37  Ghost  
  132  12:38  Ghost x2  
  132  12:39  Marine x3  
  117  13:06  Ghost  
  119  13:27  Marauder x2, Marine x3  
  119  13:30  Terran Infantry Armor Level 2, Terran Infantry Weapons Level 3  
  119  13:31  Terran Vehicle And Ship Armor Level 2  
  119  13:33  Planetary Fortress  
  122  13:35  Marauder  
  122  13:37  SCV x2  
  122  13:38  SCV, Missile Turret  
  122  13:39  Missile Turret  
  127  13:42  Marine  
  127  13:45  Marine x3  
  135  13:48  Marauder x2  
  135  13:49  SCV x2  
  135  13:50  SCV  
  135  13:54  Barracks  
  135  13:55  Refinery, Barracks  
  138  13:56  Refinery  
  138  13:57  Marauder, Factory  
  138  14:00  Starport, Missile Turret  
  138  14:04  Medivac x2  
  138  14:09  Ghost x2  
  146  14:11  Marine x2  
  146  14:12  Marine x2  
  146  14:13  Siege Tank  
  153  14:17  Ghost  
  153  14:18  SCV x4  
  159  14:29  Marine  
  159  14:30  SCV  
  161  14:34  Medivac x2  
  169  14:38  Marauder x2, Command Center  
  169  14:43  Missile Turret  
  169  14:44  Missile Turret x2  
  169  14:45  Siege Tank  
  172  14:47  Marauder  
  170  15:03  Medivac  
  170  15:06  Missile Turret  
  160  15:08  Factory Tech Lab  
  160  15:10  Starport Tech Lab  
  160  15:11  Medivac  
  162  15:17  Siege Tank  
  152  15:33  Medivac  
  152  15:34  Marauder x3, Marine x2  
  152  15:35  Barracks Reactor, Barracks Tech Lab, Marine x2  
  121  15:41  Siege Tank  
  102  15:49  Siege Tank  
  97  15:52  Marine x3  
  97  15:55  Marauder  
  97  15:56  Marauder x2  
  104  16:03  Missile Turret  
  104  16:04  Smart Servos  
  104  16:06  Corvid Reactor  
  104  16:09  Drilling Claws  
  104  16:13  Siege Tank  
  104  16:15  Orbital Command  
  104  16:16  Marauder  
  104  16:17  Terran Vehicle And Ship Armor Level 3, Marauder x2  
  113  16:18  Terran Infantry Armor Level 3  
  113  16:19  Neosteel Armor  
  113  16:24  Missile Turret  
  110  16:35  Marauder, Marine x5  
  110  16:36  Marine  
  110  16:38  Marauder x3  
  124  16:40  Orbital Command  
  124  16:46  Missile Turret  
  124  16:53  Marine x2  
  122  16:56  Marauder  
  122  16:59  Marauder  
  118  17:19  Marauder x3  
  118  17:20  Marine x6  
  118  17:21  Marauder  
  127  17:37  Marine  
  127  17:40  Marauder  
  127  17:41  Marauder x2  
  127  17:42  Marauder  
  127  17:59  Hi-Sec Auto Tracking  
  127  18:02  Marauder x3  
  127  18:03  Marauder, Siege Tank x2  
  120  18:22  Medivac x2  
  120  18:24  Raven  
  120  18:26  Marauder x4  
  128  18:27  Marine x4  
  132  18:35  Siege Tank x2  
  138  18:47  Marauder x4  
  146  18:51  Medivac  
  132  18:57  Medivac  
  132  19:02  Terran Vehicle Weapons Level 1  
  134  19:05  Nuke  
  134  19:07  Raven  
  136  19:12  Command Center  
  136  19:21  Medivac  
  133  19:33  Siege Tank x2  
  118  20:03  Marauder x4, Marine  
  118  20:04  Marine x4  
  118  20:05  Siege Tank x2  
  102  20:08  Marine  
  93  20:21  Marine x3  
  93  20:22  Marine  
  93  20:24  Marauder  
  93  20:25  Marauder x3  
  94  20:34  Raven  
  94  20:35  Medivac x2  
  100  20:37  Siege Tank  
  103  20:45  Marauder  
  103  20:46  Marauder x3  
  111  20:51  Marine  
  111  20:52  Marine x4  
  116  21:00  Marine  
  117  21:05  Medivac x2  
  117  21:07  Marauder x4  
  117  21:09  Marine  
  117  21:10  Marine  
  130  21:28  Marauder, Siege Tank  
  130  21:29  Marauder x3  
Show
View Real Time Build Order
Export as new Build Order

qqq Zerg 

Build Orders: Hatch First 

Get SALT Encoding   

  12  0:00  Drone  
  13  0:08  Drone  
  14  0:18  Overlord  
  14  1:00  Hatchery  
  13  1:04  Drone x3  
  16  1:29  Spawning Pool  
  16  1:30  Drone x2, Extractor  
  16  1:38  Drone  
  17  1:59  Drone x2  
  19  2:10  Drone  
  19  2:13  Drone  
  21  2:16  Queen x2  
  21  2:20  Drone  
  26  2:24  Overlord  
  26  2:34  Drone x2  
  28  2:41  Extractor  
  28  2:42  Overlord  
  27  2:56  Lair  
  27  3:01  Drone x2, Overlord  
  27  3:05  Drone  
  30  3:11  Pneumatized Carapace  
  30  3:21  Drone x2  
  30  3:22  Drone  
  33  3:29  Drone  
  33  3:33  Metabolic Boost  
  34  3:35  Drone  
  34  3:39  Drone  
  34  3:40  Extractor  
  35  3:43  Overlord  
  35  3:45  Zergling x2  
  36  3:53  Overseer  
  36  3:55  Zergling x4  
  38  3:56  Zergling x2  
  38  3:59  Zergling x2  
  40  4:11  Infestation Pit  
  39  4:34  Drone  
  39  4:35  Drone x7  
  39  4:36  Drone x2  
  49  4:38  Extractor  
  48  5:11  Infestor x2  
  48  5:12  Infestor  
  60  5:21  Hatchery  
  60  5:25  Drone  
  60  5:28  Overlord x2  
  60  5:35  Evolution Chamber  
  59  5:36  Evolution Chamber  
  59  5:39  Pathogen Glands  
  58  5:44  Burrow  
  58  6:12  Overlord  
  58  6:13  Overlord  
  58  6:14  Drone x3  
  58  6:15  Drone x3  
  58  6:16  Hive  
  64  6:21  Zerg Melee Weapons Level 1  
  64  6:25  Drone  
  65  6:26  Drone  
  66  6:33  Zerg Ground Armor Level 1  
  66  6:35  Neural Parasite  
  66  6:41  Spore Crawler  
  61  6:55  Infestor  
  66  7:16  Spire  
  66  7:19  Drone x7  
  66  7:20  Drone x6  
  87  7:45  Infestor  
  87  7:48  Drone x5  
  87  7:50  Extractor  
  93  7:51  Extractor  
  93  7:52  Spore Crawler  
  93  7:53  Spine Crawler  
  90  8:05  Viper  
  90  8:08  Drone x5  
  98  8:18  Overlord x4  
  98  8:29  Overlord x2  
  98  8:30  Overlord x2  
  98  8:36  Infestor x3  
  104  8:53  Viper  
  104  8:55  Drone x6  
  112  8:56  Drone  
  112  9:02  Greater Spire  
  114  9:08  Hatchery  
  113  9:15  Zerg Melee Weapons Level 2  
  113  9:19  Zerg Ground Armor Level 2  
  113  9:41  Infestor x2  
  113  9:44  Corruptor  
  120  9:45  Drone x2  
  120  9:46  Drone x6  
  120  9:47  Drone x3  
  120  9:48  Extractor  
  120  9:50  Queen  
  120  9:51  Extractor  
  130  9:54  Drone  
  130  9:55  Drone x2  
  133  10:26  Queen  
  135  10:31  Corruptor  
  135  10:32  Corruptor x6  
  135  10:33  Corruptor  
  151  10:36  Zergling x10  
  151  10:39  Spine Crawler  
  151  10:41  Spine Crawler, Queen  
  151  10:42  Spore Crawler  
  155  10:43  Spine Crawler  
  154  10:50  Spine Crawler  
  153  10:59  Ultralisk Cavern  
  153  11:01  Corruptor x2  
  153  11:02  Corruptor  
  140  11:16  Queen  
  124  11:45  Corruptor x2  
  119  11:52  Queen  
  135  11:54  Zergling x4  
  135  11:55  Zergling x16  
  109  12:16  Infestor x2  
  109  12:17  Infestor x4  
  115  12:28  Queen  
  112  12:31  Brood Lord  
  112  12:32  Brood Lord  
  112  12:33  Drone x4  
  118  12:43  Infestor x2  
  118  12:44  Infestor  
  122  12:45  Spine Crawler  
  122  12:49  Zerg Ground Armor Level 3  
  120  13:11  Ultralisk x2  
  120  13:12  Infestor  
  127  13:13  Zergling x10  
  132  13:29  Hatchery  
  131  13:35  Ultralisk  
  131  13:36  Ultralisk  
  131  13:38  Ultralisk  
  131  13:40  Zergling x6  
  152  13:52  Overlord x3  
  152  13:53  Overlord  
  152  14:00  Overlord x2  
  152  14:05  Hatchery  
  152  14:09  Queen x3  
  151  14:11  Ultralisk  
  151  14:13  Zerg Melee Weapons Level 3  
  151  14:15  Anabolic Synthesis  
  163  14:17  Corruptor  
  163  14:18  Corruptor  
  163  14:20  Drone x3  
  170  14:25  Extractor  
  170  14:31  Extractor  
  168  14:32  Spine Crawler x3  
  171  14:38  Ultralisk  
  171  14:39  Ultralisk  
  171  14:45  Queen x2  
  175  14:47  Corruptor x2  
  183  14:57  Chitinous Plating  
  178  15:00  Corruptor x3  
  127  15:54  Ultralisk x5  
  127  15:55  Drone x5  
  127  15:56  Drone x4  
  166  16:00  Drone x4  
  170  16:09  Corruptor x3  
  170  16:10  Infestor  
  177  16:22  Spine Crawler, Spore Crawler  
  177  16:23  Drone x4  
  178  16:42  Drone x2  
  178  16:43  Drone  
  181  16:58  Hatchery  
  178  17:04  Hatchery  
  177  17:17  Ultralisk  
  177  17:18  Ultralisk x2  
  177  17:19  Zergling x10  
  190  17:39  Zergling x12  
  190  17:40  Zergling x2  
  171  17:48  Zergling x8  
  171  17:51  Ultralisk x3  
  185  17:55  Brood Lord x5  
  185  17:56  Brood Lord  
  182  18:10  Zergling x4, Ultralisk  
  182  18:11  Zergling x4  
  159  18:29  Zergling x2  
  159  18:30  Zergling x8  
  136  18:45  Ultralisk x3  
  136  18:46  Zergling x12  
  136  18:47  Zergling x8  
  147  18:56  Zergling x6  
  147  18:58  Infestor x2  
  154  19:03  Corruptor  
  154  19:08  Queen  
  158  19:10  Drone x4  
  158  19:11  Drone  
  158  19:14  Spine Crawler x2  
  158  19:16  Spine Crawler  
  159  19:32  Spine Crawler  
  140  19:53  Infestor x4  
  140  19:54  Infestor  
  119  20:03  Infestor  
  119  20:04  Zergling x2  
  119  20:05  Zergling x16  
  127  20:19  Infestor x2  
  119  20:21  Zergling x2  
  119  20:22  Zergling x10  
  119  20:32  Zergling x8  
  108  20:50  Hatchery  
  98  20:58  Zergling x6, Ultralisk  
  98  20:59  Zergling x4  
  103  21:08  Hatchery  
  100  21:20  Hydralisk Den  
  99  21:28  Hatchery  
  98  21:38  Drone x3  
  98  21:39  Drone x5  
Show
View Real Time Build Order
Export as new Build Order

StaltosS Terran - Winner!

Build Orders:  

Get SALT Encoding   

  12  0:00  SCV  
  13  0:12  SCV  
  14  0:18  Supply Depot  
  14  0:26  SCV  
  15  0:40  SCV  
  15  0:42  Barracks  
  16  0:52  SCV  
  17  1:05  SCV  
  18  1:30  SCV  
  18  1:32  Marine  
  20  1:39  Command Center  
  20  1:44  SCV  
  20  1:47  Refinery x2  
  21  1:59  Orbital Command  
  20  2:03  Marine  
  21  2:30  Barracks Tech Lab, Supply Depot  
  21  2:33  SCV  
  22  2:39  Factory  
  22  2:43  Barracks  
  22  2:45  SCV  
  22  2:50  Marine  
  24  2:58  Orbital Command  
  24  2:59  SCV  
  25  3:06  Supply Depot  
  25  3:08  Marine  
  25  3:11  SCV  
  27  3:23  SCV  
  28  3:30  SCV  
  29  3:35  SCV  
  29  3:36  Marine  
  29  3:38  Barracks Reactor  
  29  3:39  Factory Tech Lab  
  31  3:44  Starport  
  31  4:06  Siege Tank  
  31  4:07  Marine  
  35  4:11  SCV x2  
  37  4:23  SCV x2  
  39  4:25  Marine  
  40  4:32  Starport Reactor, Marine x2  
  40  4:35  SCV  
  40  4:36  SCV  
  44  4:43  Stimpack  
  44  4:44  Marine  
  45  4:48  SCV  
  45  4:50  Refinery, Marine x2  
  48  5:01  Engineering Bay  
  48  5:12  Marine x2  
  48  5:13  Marauder  
  52  5:17  Medivac  
  54  5:23  Supply Depot  
  54  5:25  Supply Depot  
  54  5:30  Missile Turret  
  54  5:45  Marine, Medivac, Siege Tank  
  54  5:46  Marauder  
  54  5:47  Marine  
  63  5:50  SCV x2  
  65  6:02  Refinery, SCV x2  
  65  6:03  Marine  
  68  6:04  Command Center  
  68  6:05  Marine  
  70  6:18  SCV  
  70  6:23  Supply Depot  
  70  6:25  Supply Depot  
  70  6:42  SCV  
  70  6:45  Marauder, Siege Tank  
  71  7:02  Marine x2  
  71  7:06  Marauder  
  75  7:08  Barracks  
  75  7:09  Barracks  
  75  7:16  SCV x2  
  75  7:17  Siege Tank  
  75  7:18  Orbital Command  
  75  7:20  Marine x2  
  82  7:28  Marauder  
  80  7:38  Marine  
  80  7:42  Orbital Command  
  81  7:49  Marauder  
  81  7:51  Missile Turret x2  
  83  7:53  SCV x2  
  81  8:05  SCV x2  
  82  8:16  SCV  
  82  8:17  SCV  
  82  8:18  SCV  
  85  8:24  Barracks Reactor  
  85  8:28  SCV, Medivac x2, Siege Tank  
  85  8:29  Barracks Tech Lab  
  85  8:30  Marine x3  
  96  8:34  Terran Infantry Weapons Level 1  
  96  8:39  Armory  
  96  8:44  Supply Depot  
  96  8:46  Supply Depot  
  96  8:47  Marine, Supply Depot  
  96  8:48  SCV x2, Marine x2  
  101  9:01  Combat Shield  
  101  9:02  Concussive Shells  
  101  9:05  Marine x2, Medivac x2  
  101  9:06  SCV, Marine  
  101  9:08  SCV x2  
  111  9:12  Supply Depot  
  111  9:14  Siege Tank  
  111  9:15  Supply Depot  
  114  9:17  Supply Depot  
  114  9:18  SCV, Supply Depot  
  114  9:20  SCV x2  
  114  9:23  Marine  
  118  9:26  Engineering Bay  
  118  9:35  Medivac x2  
  122  9:40  Command Center  
  122  9:53  SCV x3  
  122  9:56  Refinery  
  122  9:58  Refinery, Barracks  
  125  10:00  Barracks  
  125  10:05  SCV x3, Medivac x2  
  132  10:17  SCV x3  
  134  10:38  SCV x2  
  136  10:47  Barracks Tech Lab  
  136  10:48  Barracks Tech Lab  
  136  10:50  Sensor Tower, Marauder x2, Marine x4  
  136  10:52  Medivac x2  
  136  10:53  Siege Tank  
  151  11:07  Marine  
  151  11:08  Marine x2  
  149  11:11  Marauder  
  149  11:12  Marauder  
  149  11:16  Marine  
  149  11:17  Marauder  
  156  11:25  Marine  
  156  11:28  Marine x2  
  156  11:31  Siege Tank  
  157  11:33  Marauder x2  
  157  11:34  Marine  
  157  11:36  Marauder  
  157  11:38  Marauder  
  138  11:43  Marine  
  138  11:46  Marine  
  133  11:55  Marauder  
  133  11:58  Marauder  
  133  11:59  Marauder x2, Marine x2  
  133  12:01  Marine  
  142  12:03  Siege Tank  
  142  12:04  Marine  
  142  12:05  SCV x3  
  142  12:06  Factory  
  150  12:09  Factory  
  150  12:16  Marauder  
  150  12:17  Marine x2  
  150  12:19  Marauder, Marine, Command Center  
  150  12:21  Marauder x2, Marine  
  152  12:27  Viking x2  
  156  12:34  Marine  
  157  12:47  Supply Depot  
  157  12:48  Supply Depot  
  157  12:49  Supply Depot x2  
  157  13:07  SCV, Marauder  
  157  13:08  Viking x2  
  157  13:09  SCV, Siege Tank  
  157  13:10  SCV, Marauder x3  
  172  13:19  SCV  
  172  13:21  SCV  
  172  13:22  SCV  
  174  13:30  Factory Tech Lab x2  
  174  13:31  SCV  
  174  13:32  Marauder  
  174  13:33  SCV, Marauder  
  180  13:36  Terran Infantry Armor Level 1, Terran Infantry Weapons Level 2  
  180  13:37  Terran Vehicle Weapons Level 1  
  180  13:38  Viking x2  
  180  13:41  Siege Tank  
  190  14:02  Siege Tank  
  190  14:03  Siege Tank  
  193  14:13  Siege Tank  
  196  14:31  Command Center  
  196  14:32  Marine x2  
  196  14:33  Marauder  
  196  14:38  Sensor Tower  
  174  15:30  Marine x4  
  174  15:31  Marauder x4  
  149  15:48  Marine x4  
  142  15:52  Marauder x4  
  140  15:59  Siege Tank x3  
  140  16:04  SCV x2  
  151  16:05  Orbital Command  
  151  16:06  Marine x4  
  151  16:08  Refinery  
  151  16:09  Refinery, Orbital Command  
  155  16:12  Refinery  
  155  16:13  Refinery, Marauder x3  
  155  16:14  Marauder  
  163  16:23  Marine x2  
  163  16:24  Marine x2  
  167  16:31  Thor x3  
  183  16:35  Marauder x4  
  191  16:41  Marine x3  
  191  16:42  Marine  
  190  16:56  Marauder x4  
  190  16:59  Marine x3  
  185  17:14  Siege Tank x3  
  182  17:17  Marauder, Marine x2  
  182  17:18  Marauder x3  
  173  17:26  Marine x2  
  169  17:33  Viking x2  
  169  17:35  Marine x2  
  173  17:39  Marauder x4  
  173  17:43  Marine  
  173  17:44  Marine  
  182  17:46  Siege Tank x3  
  192  17:52  Marine  
  192  17:53  Marine  
  191  18:00  Marauder x3  
  191  18:01  Marauder, Marine  
  191  18:03  Viking  
  189  18:10  Marine x2  
  189  18:11  Marine  
  192  18:19  Marine  
  185  18:22  Marauder x4  
  185  18:25  Medivac  
  195  18:28  Marine x2  
  195  18:29  Marine  
  195  18:33  Medivac  
  195  18:43  Marauder x4  
  193  18:55  Medivac  
  187  18:59  Thor x2  
  199  19:10  Barracks  
  199  19:14  Terran Infantry Armor Level 2  
  199  19:15  Terran Infantry Weapons Level 3, Terran Vehicle Weapons Level 2  
  199  19:16  Barracks  
  199  19:17  Barracks x2  
  199  19:18  Barracks  
  199  19:20  Barracks  
  173  20:04  Marine  
  173  20:05  Marauder x4, Marine x3  
  156  20:22  Marine x2  
  156  20:23  Marine x2  
  156  20:26  Marauder  
  156  20:27  Marauder x3  
  153  20:34  Thor x3  
  171  20:40  Marine x4  
  175  20:48  Marauder x4  
  177  20:58  Marine x2  
  177  21:03  Marine x2  
  181  21:09  Marauder x3  
  181  21:10  Marauder  
  189  21:16  Marine x2  
  189  21:17  Thor  
  197  21:20  Marine  
  197  21:21  Marine  
  199  21:31  Marauder  
  193  21:34  Marine x2  
  193  21:38  Marine  
Show
View Real Time Build Order
Export as new Build Order

Zergatul Protoss - Winner!

Build Orders: 1 Gate Expand 

Get SALT Encoding   

  12  0:15  Probe (Chrono Boost), Pylon  
  13  0:25  Probe (Chrono Boost)  
  14  0:30  Probe (Chrono Boost)  
  15  0:41  Probe, Gateway  
  16  0:53  Probe  
  17  1:21  Nexus  
  17  1:29  Cybernetics Core  
  16  1:40  Assimilator  
  16  1:42  Probe  
  17  1:52  Assimilator  
  17  1:54  Probe (Chrono Boost)  
  18  2:04  Pylon  
  18  2:05  Pylon  
  18  2:06  Probe (Chrono Boost)  
  19  2:13  Adept (Chrono Boost)  
  19  2:16  Probe (Chrono Boost)  
  19  2:22  Warp Gate (Chrono Boost)  
  22  2:24  Probe  
  23  2:36  Probe (Chrono Boost)  
  25  2:39  Probe (Chrono Boost)  
  25  2:46  Probe (Chrono Boost)  
  25  2:49  Probe (Chrono Boost)  
  27  2:53  Probe, Forge  
  27  2:58  Sentry  
  30  3:01  Probe  
  30  3:05  Probe  
  32  3:13  Probe  
  32  3:14  Pylon  
  32  3:17  Probe  
  34  3:20  Assimilator  
  34  3:25  Probe  
  35  3:38  Probe x2  
  35  3:41  Photon Cannon  
  33  3:56  Probe (Chrono Boost)  
  33  4:02  Probe (Chrono Boost)  
  35  4:05  Probe (Chrono Boost)  
  35  4:09  Probe (Chrono Boost)  
  37  4:10  Probe (Chrono Boost)  
  37  4:12  Photon Cannon  
  38  4:20  Assimilator  
  38  4:22  Probe  
  39  4:29  Probe  
  40  4:34  Protoss Ground Weapons Level 1 (Chrono Boost), Twilight Council  
  40  4:36  Gateway  
  40  4:40  Probe (Chrono Boost)  
  42  4:48  Probe (Chrono Boost)  
  42  4:52  Probe (Chrono Boost)  
  43  4:54  Pylon  
  43  4:56  Stalker  
  43  4:59  Probe x2 (Chrono Boost)  
  47  5:08  Probe  
  47  5:09  Probe  
  47  5:13  Templar Archives  
  49  5:19  Gateway  
  49  5:20  Probe  
  50  5:25  Photon Cannon  
  50  5:28  Pylon  
  50  5:29  Probe  
  51  5:37  Probe  
  51  5:41  Probe, Stalker  
  51  5:42  Stalker  
  57  5:56  Photon Cannon  
  57  5:58  Gateway  
  57  6:00  Shield Battery  
  57  6:01  Probe  
  57  6:02  Pylon  
  57  6:04  Psionic Storm  
  58  6:16  Probe  
  58  6:17  Probe  
  58  6:18  Stalker x3  
  66  6:31  Probe, Photon Cannon  
  67  6:43  Protoss Ground Weapons Level 2 (Chrono Boost)  
  67  6:46  Forge  
  67  6:48  Forge  
  67  6:51  Probe  
  67  6:52  Probe, Pylon  
  69  6:58  High Templar x2  
  69  6:59  High Templar  
  69  7:00  High Templar  
  77  7:03  Probe  
  77  7:07  Photon Cannon  
  78  7:09  Shield Battery  
  78  7:14  Photon Cannon  
  78  7:18  Pylon  
  78  7:19  Probe  
  78  7:20  Probe  
  78  7:40  Probe (Chrono Boost)  
  72  7:46  Probe (Chrono Boost)  
  72  7:49  Probe (Chrono Boost)  
  73  7:53  Probe (Chrono Boost)  
  73  7:54  Probe (Chrono Boost), Protoss Ground Armor Level 1 (Chrono Boost)  
  75  8:04  Probe  
  75  8:05  Photon Cannon, Protoss Shields Level 1 (Chrono Boost)  
  76  8:06  Shield Battery  
  76  8:10  Pylon, Nexus  
  76  8:11  Pylon  
  73  8:20  Pylon  
  73  8:22  Probe x2  
  75  8:28  Stalker  
  75  8:29  Stalker  
  75  8:31  High Templar  
  75  8:33  High Templar  
  75  8:34  Probe x2  
  85  8:41  Archon  
  85  8:42  Pylon  
  85  8:44  Pylon  
  85  8:46  Photon Cannon  
  85  8:54  Probe x2  
  87  8:58  Photon Cannon  
  87  9:03  Photon Cannon  
  87  9:06  Probe  
  88  9:10  Photon Cannon  
  88  9:12  Probe  
  88  9:13  Shield Battery  
  89  9:19  Robotics Facility  
  89  9:23  Protoss Ground Weapons Level 3 (Chrono Boost)  
  89  9:26  Probe  
  90  9:38  Probe  
  91  9:50  Probe x2  
  91  9:51  Probe, Photon Cannon  
  94  9:52  Shield Battery  
  94  9:54  Photon Cannon, Assimilator  
  91  10:15  Probe, Robotics Facility  
  91  10:16  Probe x2  
  91  10:17  Robotics Facility  
  91  10:24  Stalker x3  
  91  10:25  Stalker  
  91  10:28  Probe x3 (Chrono Boost)  
  98  10:35  Pylon  
  98  10:39  Pylon  
  98  10:40  Probe (Chrono Boost)  
  101  10:45  Pylon  
  101  10:46  Probe x2 (Chrono Boost)  
  101  10:49  Probe (Chrono Boost)  
  102  10:53  Probe x2 (Chrono Boost)  
  102  10:56  Probe  
  106  11:04  Probe  
  106  11:13  Probe x2  
  106  11:16  Probe  
  110  11:25  Probe x2  
  110  11:26  Stalker x3  
  110  11:27  Stalker  
  119  11:33  Nexus  
  119  11:34  Pylon  
  119  11:36  Assimilator  
  119  11:37  Pylon  
  119  11:38  Assimilator  
  119  11:42  Pylon  
  119  11:49  Probe x2  
  119  11:50  High Templar x4  
  127  11:54  Photon Cannon  
  127  11:56  Probe  
  127  11:57  Blink (Chrono Boost), Shield Battery  
  127  11:59  Photon Cannon  
  129  12:01  Probe, Observer, Shield Battery  
  129  12:03  Observer x2  
  129  12:04  Photon Cannon  
  129  12:06  Photon Cannon  
  126  12:22  Immortal  
  126  12:24  Probe  
  126  12:25  Probe x2  
  109  12:39  Stalker  
  109  12:40  Stalker x3  
  115  12:46  Probe x2  
  115  12:47  Probe  
  115  12:48  Observer x2  
  104  12:58  Probe  
  104  13:02  Immortal  
  104  13:05  Assimilator  
  108  13:06  Photon Cannon  
  108  13:08  Shield Battery x2  
  108  13:09  Immortal x2  
  108  13:11  High Templar x2  
  108  13:12  High Templar x2  
  124  13:16  Gateway  
  124  13:18  Gateway  
  124  13:19  Gateway  
  122  13:21  Gateway  
  122  13:23  Pylon  
  122  13:26  Probe x3  
  125  13:38  Probe x2  
  125  13:39  Nexus  
  125  13:41  Immortal  
  131  13:42  Pylon x2  
  131  13:46  Protoss Ground Armor Level 2 (Chrono Boost)  
  133  13:48  Observer x2, Charge (Chrono Boost)  
  133  13:54  Pylon  
  131  13:56  Pylon, Protoss Shields Level 2 (Chrono Boost)  
  131  13:58  Robotics Bay  
  131  14:05  Stalker x2  
  131  14:06  High Templar, Stalker  
  131  14:07  Pylon  
  139  14:12  Photon Cannon  
  139  14:13  Shield Battery  
  139  14:15  Photon Cannon  
  139  14:18  Shield Battery  
  139  14:20  Photon Cannon  
  139  14:23  Observer  
  140  14:27  High Templar x4  
  148  14:35  Zealot x3  
  154  14:38  Probe x2  
  154  14:39  Probe x2  
  158  14:49  Assimilator  
  158  14:53  Assimilator  
  158  14:56  Pylon  
  158  14:59  Pylon  
  154  15:01  Observer x2  
  154  15:03  Gravitic Boosters  
  154  15:04  Photon Cannon  
  156  15:09  High Templar x3  
  156  15:10  High Templar x2  
  156  15:11  Zealot x3  
  172  15:25  Archon x4  
  160  15:32  High Templar x3  
  146  15:39  Observer  
  126  15:44  Archon x2  
  120  15:52  Zealot x2  
  120  15:53  Zealot x3  
  129  16:12  High Templar x4  
  129  16:13  High Templar x2  
  141  16:19  Stalker x2  
  141  16:22  Gateway  
  141  16:24  Gateway x2  
  145  16:25  Gateway  
  145  16:26  Gateway  
  145  16:29  Pylon  
  141  16:37  Immortal x2 (Chrono Boost)  
  150  16:47  Immortal (Chrono Boost)  
  148  17:01  Stalker x3  
  148  17:02  Stalker x5  
  164  17:11  Immortal (Chrono Boost)  
  164  17:12  Immortal (Chrono Boost)  
  172  17:19  Immortal (Chrono Boost)  
  168  17:40  Archon x3  
  168  17:41  Archon  
  168  17:43  Nexus  
  145  17:53  Immortal x3 (Chrono Boost)  
  145  17:56  Stalker x7  
  145  17:57  Stalker x5  
  145  17:58  Stalker  
  153  18:07  Protoss Ground Armor Level 3  
  153  18:10  Assimilator  
  153  18:14  Assimilator  
  153  18:16  Pylon  
  153  18:18  Pylon  
  153  18:21  Pylon  
  153  18:23  Pylon  
  145  18:27  Immortal, Stalker x6  
  145  18:28  Immortal x2, Stalker x2  
  143  18:52  Dark Shrine  
  143  18:55  Zealot x5  
  149  18:56  Zealot  
  149  18:59  Observer, Zealot  
  157  19:04  Zealot x5  
  157  19:05  Zealot  
  169  19:30  Photon Cannon  
  149  19:32  Photon Cannon, Zealot x5  
  149  19:33  Zealot x6  
  149  19:34  Photon Cannon, Zealot x2  
  149  19:36  Photon Cannon  
  175  19:40  Photon Cannon  
  175  19:41  Photon Cannon  
  175  19:43  Shield Battery  
  173  19:46  Shield Battery  
  173  19:48  Shield Battery  
  161  19:54  Colossus x3  
  169  20:06  Stalker x3  
  175  20:07  High Templar, Stalker x2  
  175  20:08  High Templar x2  
  175  20:09  Zealot x5  
  171  20:48  Colossus  
  175  21:01  Zealot  
  175  21:02  Zealot x7  
  175  21:03  High Templar, Zealot x3  
  197  21:14  Stalker  
  194  21:25  Nexus  
  194  21:28  Pylon  
  194  21:30  Pylon x2  
  194  21:32  Pylon  
  194  21:33  Pylon  
  194  21:34  Pylon  
  194  21:35  Assimilator  
  194  21:37  Zealot x3  
  194  21:38  Photon Cannon  
  194  21:39  Assimilator  
  200  21:41  Photon Cannon  
  200  21:44  Pylon  
  186  21:52  Archon  
  176  21:57  Zealot x5  
  176  21:58  Zealot x5  
  176  21:59  Zealot x3  
Tags
 
Add a new tag
Caveats
  • Supply blocks, unpowered buildings, or Contaminate may cause inaccurate times.
  • Supply counts are checked every 10 seconds.